 Dungeon Crawl Stone Soup version 0.21-a0-273-g0785366 (webtiles) character file.

1227 Espgualade the Magician (level 8, -1/49 HPs)
             Began as a Tengu Ice Elementalist on Sept 17, 2017.
             Was a Follower of Vehumet.
             Slain by a gnoll
             ... wielding a +0 whip
              (10 damage)
             ... on level 5 of the Dungeon.
             The game lasted 00:24:51 (7226 turns).

Espgualade the Magician (Tengu Ice Elementalist)    Turns: 7226, Time: 00:24:52

Health: -1/49      AC:  4    Str:  9    XL:     8   Next: 48%
Magic:  19/19      EV: 14    Int: 21    God:    Vehumet [*.....]
Gold:   304        SH:  0    Dex: 15    Spells: 3/20 levels left

rFire    . . .     SeeInvis .   l - +3 dagger
rCold    . . .     Gourm    .   (no shield)
rNeg     . . .     Faith    .   a - +0 robe
rPois    .         Spirit   .   (helmet restricted)
rElec    .         Reflect  .   (no cloak)
rCorr    .         Harm     .   g - +1 pair of gloves
MR       .....                  (boots unavailable)
Stlth    +++.......             (no amulet)
HPRegen  0.16/turn              e - +4 ring of intelligence
MPRegen  0.16/turn              n - ring of flight

@: no status effects
A: beak, talons 3, able to fly 1
a: Fly, Renounce Religion, Evoke Flight


You were on level 5 of the Dungeon.
You worshipped Vehumet.
Vehumet was aware of your devotion.
You were not hungry.

You visited 2 branches of the dungeon, and saw 7 of its levels.
You also visited: Sewer and Ossuary.

You collected 304 gold pieces.

Inventory:

Hand Weapons
 l - a +3 dagger (weapon)
Armour
 a - a +0 robe (worn)
 g - a +1 pair of gloves (worn)
Jewellery
 e - a +4 ring of intelligence (left hand)
 n - a ring of flight (right hand)
Wands
 t - a wand of confusion (31/48)
 v - a wand of random effects (33/48)
Scrolls
 i - 6 scrolls of immolation
 p - 2 scrolls of teleportation
 s - 2 scrolls of remove curse
 A - 2 scrolls of blinking
 C - 4 scrolls of identify
Potions
 d - 4 potions of flight
 f - 2 potions of mutation
 k - 2 potions of haste {unknown}
 m - a potion of might
 o - 4 potions of curing
 r - a potion of brilliance {unknown}
 u - a potion of lignification {unknown}
 w - 2 potions of degeneration {unknown}
 x - a potion of magic {unknown}
 z - a potion of heal wounds
 B - 4 potions of ambrosia {unknown}
 F - a potion of berserk rage {unknown}
Books
 b - a book of Frost

   Spells                             Type                      Level
   a - Freeze                         Ice                          1
   b - Throw Frost                    Conjuration/Ice              2
   c - Ozocubu's Armour               Charms/Ice                   3
   d - Throw Icicle                   Conjuration/Ice              4
   e - Summon Ice Beast               Ice/Summoning                4
 q - a book of Cantrips

   Spells                             Type                      Level
   a - Confusing Touch                Hexes                        1
   b - Animate Skeleton               Necromancy                   1
   c - Summon Small Mammal            Summoning                    1
   d - Apportation                    Translocation                1
 y - a book of Minor Magic

   Spells                             Type                      Level
   a - Magic Dart                     Conjuration                  1
   b - Blink                          Translocation                2
   c - Call Imp                       Summoning                    2
   d - Slow                           Hexes                        2
   e - Conjure Flame                  Conjuration/Fire             3
   f - Mephitic Cloud                 Conjuration/Poison/Air       3
Comestibles
 c - 2 bread rations
 h - 2 fruits
 j - 4 meat rations


   Skills:
 - Level 5.0 Fighting
 - Level 4.0 Dodging
 - Level 4.0 Stealth
 - Level 6.7 Spellcasting
 * Level 1.5 Conjurations
 - Level 2.6 Ice Magic


You had 3 spell levels left.
You knew the following spells:

 Your Spells              Type           Power        Failure   Level  Hunger
a - Freeze                Ice            ###.         3%          1    None
b - Throw Frost           Conj/Ice       ###...       6%          2    None
c - Ozocubu's Armour      Chrm/Ice       ##......     16%         3    #......
d - Throw Icicle          Conj/Ice       ###.....     36%         4    ###....
e - Summon Ice Beast      Ice/Summ       ##......     45%         4    ###....
f - Mephitic Cloud        Conj/Pois/Air  #.......     22%         3    #......


Dungeon Overview and Level Annotations

Branches:
Dungeon (6/15)             Temple (1/1) D:5

Altars:
Ashenzari
Cheibriados
Dithmenos
Elyvilon
Fedhas
Gozag
Hepliaklqana
Kikubaaqudgha
Makhleb
Nemelex Xobeh
Okawaru
Qazlal
Ru
Sif Muna
Trog
Vehumet
Wu Jian
Xom
Yredelemnul
Zin
The Shining One

Shops:
D:5 !}([

Annotations:
D:4 Blork the orc, Grinder
D:5 Espgualade's ghost, amateur TeIE; Eustachio


Innate Abilities, Weirdness & Mutations

You have a beak for a mouth.
You have claws for feet.
You can fly.


Message History

The gnoll shouts!
You hear a shout!
A gnoll and a gnoll sergeant come into view.
The orc wizard hits you with an enchanted dagger.
The gnoll sergeant moves out of view.
The orc wizard gestures at you while chanting.
You resist with some effort.
The orc warrior hits you from afar with a halberd!!
* * * LOW HITPOINT WARNING * * *
The orc shouts!
The orc throws a tomahawk.
The tomahawk hits you.
* * * LOW HITPOINT WARNING * * *
There is an escape hatch in the ceiling here.
You see here a tomahawk.
The orc throws a tomahawk.
The tomahawk misses you. The gnoll hits you with a whip.
* * * LOW HITPOINT WARNING * * *
A mysterious force pulls you upwards. The hatch slams shut behind you.
Level annotation: Espgualade's ghost, amateur TeIE; Eustachio You feel better.
The gnoll hits you with a whip!
You die...

. ####.§ ......
....# ....#
....## ......
....##
####.#######..#
.....∩
.......@.......
#####.
#####.g#####..#.
## #.# #. ...
.## ## #. #.....
... #. #..... ##
#. #..(.. #.
#.....
#.###.....
#.∩.∩.....


You could see a gnoll.

Vanquished Creatures
  3 bullfrogs
  A scorpion (D:5)
  A crimson imp (D:5)
  An orc priest (D:3)
  3 bullfrog skeletons
  A hound (D:4)
  A centaur skeleton (D:5)
  Terence (D:2)
  2 orc wizards
  Ijyb (D:4)
  2 worker ants
  3 hound skeletons
  13 mummies (Ossuary)
  A worker ant zombie (D:5)
  12 gnolls
  10 adders
  2 shadow imps
  5 worms
  2 dart slugs (D:1)
  12 leopard geckos
  17 orcs
  4 ball pythons (Sewer)
  9 giant cockroaches
  6 goblins
  9 hobgoblins
  9 jackals
  10 kobolds
  3 quokkas
  14 bats
  8 frilled lizards
  2 gnoll skeletons (Ossuary)
  A goblin skeleton (Ossuary)
  A jackal zombie (D:5)
  3 kobold skeletons (Ossuary)
  2 orc skeletons (Ossuary)
  A quokka zombie (D:6)
  6 rats
  11 rat skeletons (Ossuary)
  A rat zombie (D:6)
194 creatures vanquished.

Notes
Turn   | Place    | Note
-------+----------+-------------------------------------------
     0 | D:1      | Espgualade the Tengu Ice Elementalist began the quest for the Orb.
     0 | D:1      | Reached XP level 1. HP: 10/10 MP: 4/4
   211 | D:1      | Reached skill level 1 in Fighting
   297 | D:1      | Reached XP level 2. HP: 9/16 MP: 6/6
   791 | D:1      | Reached XP level 3. HP: 21/22 MP: 7/7
  1187 | D:1      | Learned a level 2 spell: Throw Frost
  1191 | D:1      | Learned a level 3 spell: Ozocubu's Armour
  1529 | D:2      | Reached XP level 4. HP: 21/28 MP: 2/8
  1725 | D:2      | Noticed Terence
  1788 | D:2      | Killed Terence
  1904 | D:2      | Gained mutation: You can fly. [Tengu growth]
  1904 | D:2      | Reached XP level 5. HP: 18/34 MP: 4/9
  2190 | D:2      | Reached skill level 5 in Fighting
  3424 | D:3      | Reached XP level 6. HP: 27/40 MP: 10/10
  4086 | D:4      | Noticed Blork the orc
  4234 | D:4      | Noticed Ijyb
  4252 | D:4      | Killed Ijyb
  4415 | D:4      | Reached XP level 7. HP: 41/44 MP: 4/11
  4640 | D:4      | Noticed Grinder
  4643 | D:4      | Paralysed by Grinder for 6 turns
  4675 | D:5      | Entered Level 5 of the Dungeon
  4696 | D:5      | Reached skill level 3 in Spellcasting
  4841 | D:5      | Found a staircase to the Ecumenical Temple.
  4885 | D:5      | Noticed Eustachio
  4973 | D:5      | Found a glowing drain.
  4981 | Sewer    | Entered a sewer
  5310 | Sewer    | Reached skill level 4 in Spellcasting
  5550 | D:5      | Found Bayrhuuc's Antique Armour Emporium.
  5575 | D:5      | Reached skill level 5 in Spellcasting
  5604 | Temple   | Entered the Ecumenical Temple
  5777 | Temple   | Became a worshipper of Vehumet
  5809 | D:5      | Reached XP level 8. HP: 40/49 MP: 16/16
  5812 | D:5      | Noticed Espgualade's ghost (amateur TeIE)
  5953 | D:5      | Found Logiyqyl's Gadget Shop.
  5965 | D:5      | Found Tysoefoz's Distillery.
  5986 | D:5      | Found Lewaekh's Antique Weapon Emporium.
  5994 | D:6      | Found a glowing silver altar of Zin.
  6055 | D:6      | Reached skill level 6 in Spellcasting
  6231 | D:6      | Found a sand-covered staircase.
  6255 | Ossuary  | Entered an ossuary
  6573 | Ossuary  | Reached * piety under Vehumet
  6573 | Ossuary  | Offered knowledge of Sting by Vehumet.
  7183 | Ossuary  | Learned a level 4 spell: Throw Icicle
  7188 | Ossuary  | Learned a level 4 spell: Summon Ice Beast
  7192 | Ossuary  | Learned a level 3 spell: Mephitic Cloud
  7226 | D:5      | Slain by a gnoll

Vault maps used:
D:1:      tarquinn_simple_flora_water_a
D:2:      first_bread, kennysheep_generic_room_3, uniq_terence
D:3:      serial_glass, glass_columns_c, glass_columns_c, st_stairs_13
D:4:      uniq_ijyb, uniq_grinder, uniq_blork_the_orc
D:5:      temple_pool_b, lightli_sewer_entry_pipes, serial_shops,
          nicolae_shop_waterfront, nicolae_shop_temple_entry_statues_fountains,
          shop, kennysheep_mini_moat, nicolae_shop_competitors_out_of_business,
          minmay_misc_feat_enclosed, columned_hall_lemuel,
          nicolae_elemental_shop, uniq_eustachio
D:6:      enter_ossuary_4, basic_altar, uniq_sigmund, uniq_crazy_yiuf_cottage
Temple:   minmay_crystal_snake_temple
Sewer:    sewer_frog_island_01
Ossuary:  ossuary_due_small_catacomb

Skill      XL: |  1  2  3  4  5  6  7  8 |
---------------+-------------------------+-----
Fighting       | 1 2 3 4 5 |  5.0
Stealth        | 4 |  4.0
Dodging        | 4 |  4.0
Spellcasting   | 5 6 |  6.7
Conjurations   | |  1.5
Ice Magic      | |  2.6

Action                   |  1- 3 |  4- 6 |  7- 9 || total
-------------------------+-------+-------+-------++-------
Melee: Short sword       |    94 |       |       ||    94
       Peck              |     8 |    17 |    44 ||    69
       Kick              |    18 |    28 |    76 ||   122
       Unarmed           |     1 |       |       ||     1
       Dagger            |       |   145 |   249 ||   394
 Cast: Freeze            |    13 |    54 |    60 ||   127
       Ozocubu's Armour  |     1 |       |     5 ||     6
       Throw Frost       |       |    15 |     9 ||    24
 Abil: Fly               |       |       |     4 ||     4
  Use: Scroll            |     6 |     3 |     5 ||    14
       Potion            |       |     2 |     1 ||     3
 Stab: Sleeping          |     5 |     6 |    12 ||    23
       Distracted        |       |     1 |       ||     1
  Eat: Chunk             |     2 |    11 |     1 ||    14
       Bread ration      |       |       |     2 ||     2
       Fruit             |       |       |     1 ||     1
Armor: Robe              |    30 |    23 |    37 ||    90
Dodge: Dodged            |    99 |    97 |   197 ||   393

Table legend:
 A = Spawn XP
 B = Non-spawn XP
 C = Spawn XP percentage of total XP
 D = Spawn monster count
 E = Non-spawn monster count
 F = Spawn count percentage of total count
 G = Total turns spent on level
                    A         B        C        D         E        F      G
               +---------+---------+-------+---------+---------+-------+---------
         Total |       0 |    1753 |   0.0 |       0 |     194 |   0.0 |  7226
               +---------+---------+-------+---------+---------+-------+---------
           D:1 |       0 |      66 |   0.0 |       0 |      38 |   0.0 |  1482
           D:2 |       0 |     231 |   0.0 |       0 |      32 |   0.0 |  1614
           D:3 |       0 |     154 |   0.0 |       0 |      28 |   0.0 |   986
           D:4 |       0 |     269 |   0.0 |       0 |      16 |   0.0 |   593
           D:5 |       0 |     381 |   0.0 |       0 |      20 |   0.0 |   590
           D:6 |       0 |     182 |   0.0 |       0 |       9 |   0.0 |   298
         Sewer |       0 |     220 |   0.0 |       0 |      19 |   0.0 |   535
       Ossuary |       0 |     250 |   0.0 |       0 |      32 |   0.0 |   939
               +---------+---------+-------+---------+---------+-------+---------
